 Dungeon Crawl Stone Soup version 0.26.1-2-gb8aa6d0cf2 (webtiles) character file.

Game seed: 4781797239017426489

10 hawla the Conjurer (level 2, -2/16 HPs)
             Began as a Deep Elf Conjurer on Feb 25, 2021.
             Slain by a hobgoblin (4 damage)
             ... on level 1 of the Dungeon.
             The game lasted 00:02:15 (297 turns).

hawla the Conjurer (Deep Elf Conjurer)               Turns: 297, Time: 00:02:16

Health: -2/16      AC:  2    Str:  3 (6)  XL:     2   Next: 10%
Magic:  0/8        EV: 12    Int: 19 (22) God:
Gold:   26         SH:  0    Dex: 11 (13) Spells: 4/7 levels left

rFire    . . .     SeeInvis .   (no weapon)
rCold    . . .     Faith    .   (no shield)
rNeg     . . .     Spirit   .   a - +0 robe
rPois    .         Reflect  .   (no helmet)
rElec    .         Harm     .   (no cloak)
rCorr    .         Rampage  .   (no gloves)
Will     .....                  (no boots)
Stlth    ++........             (no amulet)
HPRegen  0.05/turn              (no ring)
MPRegen  0.11/turn              (no ring)

@: no status effects
A: robust 1, strong 1
a: no special abilities


You were on level 1 of the Dungeon.
You visited 1 branch of the dungeon, and saw 1 of its levels.

You collected 26 gold pieces.

Inventory:

Missiles
 f - 3 javelins
Armour
 a - a +0 robe (worn)
Potions
 e - a potion of might {unknown}


   Skills:
 + Level 0.2 Fighting
 + Level 2.5 Dodging
 + Level 2.7 Stealth
 + Level 3.2 Spellcasting
 + Level 4.4 Conjurations
 + Level 0.5 Necromancy
 + Level 0.2 Translocations


You had 4 spell levels left.
You knew the following spells:

 Your Spells              Type           Power        Failure   Level
a - Magic Dart            Conj           80%          2%          1
b - Searing Ray           Conj           40%          3%          2

Your spell library contained the following spells:

 Spells                   Type           Power        Failure   Level
 Dazzling Flash           Conj/Hex       22%          19%         3
 Iskenderun's Mystic Bla  Conj/Tloc      12%          50%         4
 Fulminant Prism          Conj/Hex       5%           52%         4


Dungeon Overview and Level Annotations

Branches:
Dungeon (1/15)

Altars:


Innate Abilities, Weirdness & Mutations

You are robust. (+10% HP)
Your muscles are strong. (Str +2)


Message History

The searing ray hits the hobgoblin.
The hobgoblin is heavily wounded.
The searing ray misses the goblin.
The hobgoblin barely misses you. x2
As you read the scroll labelled ONNEPNIDERPH, it crumbles to dust.
It is a scroll of amnesia.
Really abort (and waste the scroll)?
Okay, then.
The hobgoblin barely misses you. x2
You closely miss the hobgoblin.
The hobgoblin is heavily wounded.
The hobgoblin closely misses you. The hobgoblin hits you.
* * * LOW HITPOINT WARNING * * *
It was a potion of mutation.
You feel extremely strange.
You feel stronger.
You feel robust. The hobgoblin closely misses you.
The hobgoblin barely misses you.
It was a potion of degeneration.
There was something very wrong with that liquid.
You feel weakened.
You feel dopey.
You feel clumsy. The hobgoblin misses you. The hobgoblin hits you.
You die...

..#.# ....†........
.##.######.. .......†..#
............ ..........###
...).####..# .....r......# #.
.##.......# ........#.#.##...
...†.....#############........
###................##().#.....
##.#.#...# ###............
###.#.###.# #@gg.....#.....
#.....# #.## #g######.......
#.....# #..## #.# #......
#.....# #...###.# #..###
##.....###...##..# ....
#.......##......## ....#
#.###.#......#### ...#
..##..#..#...# ..#
..##.###.###.#


You could see 2 hobgoblins and a goblin.

Vanquished Creatures
  3 bats (D:1)
  A hobgoblin (D:1)
  A jackal (D:1)
  2 frilled lizards (D:1)
  2 kobolds (D:1)
  3 rats (D:1)
12 creatures vanquished.

Notes
Turn   | Place    | Note
-------+----------+-------------------------------------------
     0 | D:1      | hawla the Deep Elf Conjurer began the quest for the Orb.
     0 | D:1      | Reached XP level 1. HP: 10/10 MP: 6/6
   269 | D:1      | Reached XP level 2. HP: 15/15 MP: 5/8
   272 | D:1      | Learned a level 2 spell: Searing Ray
   296 | D:1      | Gained mutation: Your muscles are strong. (Str +2) [potion
                  | of mutation]
   296 | D:1      | Gained mutation: You are robust. (+10% HP) [potion of
                  | mutation]
   297 | D:1      | Slain by a hobgoblin

Illustrated notes

Levels and vault maps discovered:
D:1:      dpeg_arrival_more_subterranean_lakeside_camping, layout_rooms,
          hangedman_abyss_or_decor_stabs, kennysheep_doodads, st_stairs_7,
          chequers_serial_rivers_room_b, minmay_misc_feat_roman,
          minmay_pentomino_t4

Action                   || total
-------------------------++-------
Melee: Unarmed           ||     4
 Cast: Magic Dart        ||    16
       Searing Ray       ||     3
  Use: Potion            ||     2
       Scroll            ||     1
Armor: Robe              ||     4
Dodge: Dodged            ||    28
